AoeStats
← Let's Sutra!

Socotra

504666111Analyzed
3v3 RM · 27d ago on Sep 6, 2026· 51m 55s· 6 players
Game mode
Random Map
Map size
128×128
Population
200
Speed
Normal
Resources
Standard
Victory
Conquest
Starting age
Dark Age
Ending age
Imperial Age
RankedLock teamsTeams togetherTeam positionsShared explorationLock speedFull tech treeHidden civsTurbo modeCheats
Victory
Defeat
🇦🇷 Vietnamese · Argentina
1083
+13
🇹🇼 Magyars · Taiwan
993
+17
🇺🇸 Persians · United States
954
+18
🇨🇱 Cumans · Chile
1072
-19
🇨🇱 Maya · Chile
1070
-18
🇨🇴 Sicilians · Colombia
896
-11
Let's Sutra!
10:21 Feudal Age
11:08 Horse Collar
11:15 Double-Bit Axe
18:34 Castle Age
16:47 Forging
16:43 Scale Barding Armor
16:33 Gold Mining
18:14 Wheelbarrow
17:25 Loom
19:54 Iron Casting
19:40 Chain Barding Armor
21:13 Husbandry
22:44 Gold Shaft Mining
24:44 Bow Saw
27:52 Bloodlines
34:56 Imperial Age
36:41 Plate Barding Armor
37:08 Blast Furnace
35:32 Cavalier
38:19 Heavy Plow
39:22 Two-Man Saw
38:18 Fletching
38:50 Savar
50:53 Kamandaran
feifei0920097740
7:02 Loom
10:15 Feudal Age
23:01 Fletching
30:44 Castle Age
31:36 Scale Barding Armor
33:33 Husbandry
38:46 Double-Bit Axe
38:45 Horse Collar
38:29 Pikeman
42:38 Bow Saw
42:38 Heavy Plow
47:46 Corvinian Army
48:53 Wheelbarrow
julijuli
0:34 Loom
10:47 Feudal Age
15:16 Double-Bit Axe
16:55 Fletching
19:21 Horse Collar
20:34 Padded Archer Armor
23:55 Stone Mining
26:13 Castle Age
24:27 Stone Mining
33:22 Bodkin Arrow
33:54 Bow Saw
33:48 Heavy Plow
34:28 Scale Mail Armor
35:15 Wheelbarrow
34:39 Town Watch
35:36 Ballistics
37:11 Forging
37:15 Gold Mining
41:57 Imperial Age
40:09 Leather Archer Armor
39:41 Elite Skirmisher
43:58 Hand Cart
45:09 Two-Man Saw
44:41 Crop Rotation
44:38 Bracer
45:08 Ring Archer Armor
45:52 Chemistry
47:57 Caravan
49:23 Paper Money
48:43 Imperial Skirmisher
51:19 Elite Fire Lancer
Witen
13:04 Feudal Age
13:40 Double-Bit Axe
13:38 Horse Collar
32:21 Castle Age
33:09 Squires
35:20 Gold Mining
35:22 Stone Mining
35:14 Pikeman
43:01 Forging
42:52 Scale Mail Armor
45:31 Iron Casting
45:15 Chain Mail Armor
50:50 Imperial Age
54:25 Imperial Age
$$ Xeba $$ :D
6:49 Loom
9:05 Feudal Age
23:54 Castle Age
23:13 Double-Bit Axe
23:12 Horse Collar
24:00 Bloodlines
24:24 Forging
24:28 Scale Barding Armor
28:04 Chain Barding Armor
37:17 Light Cavalry
39:05 Iron Casting
46:16 Fletching
54:18 Imperial Age
Rbensinhop
10:55 Feudal Age
11:38 Double-Bit Axe
15:32 Fletching
17:20 Horse Collar
22:30 Castle Age
23:58 Elite Skirmisher
25:05 Crossbowman
26:14 Bow Saw
31:19 Bodkin Arrow
33:46 Ballistics
38:08 Imperial Age
36:12 Heavy Plow
38:04 Thumb Ring
39:23 Arbalester
41:30 Bracer
44:05 Chemistry
44:25 Crop Rotation
49:10 Stone Mining
Connection lost

Rejoining the realm…

Still unreachable

The connection could not be restored.

Session expired

The server has moved on; the page needs a fresh start.